Match 38801223
Unlisted

Match 38801223
End
Construct Infanterie Kompanie
Kettenkrad Recon Vehicle
Grenadier Squad
Selects Breakthrough Battlegroup
Grenadier Squad
Grenadier Squad
Grenadier Squad
Pioneer Squad
Construct Luftwaffe Kompanie
Jäger Squad
Support Elements
Wirbelwind Flakpanzer
Selects 2.5-tonne Cargo Truck
Selects Blitzkrieg
Pioneer Squad
Luftwaffe Officer Quarters
Pioneer Squad
Medical Station
Kettenkrad Recon Vehicle
Pioneer Squad
Selects Tiger Heavy Tank
Tiger Heavy Tank
Repair Bunker
Forward Retreat Point
Medical Bunker
Selects Assault Grenadiers
Selects Smoke Bombing Run
Selects Incendiary Bombing Run
Incendiary Bombing Run
Wirbelwind Flakpanzer
Smoke Bombing Run
Incendiary Bombing Run
Tiger Heavy Tank
Marder III M Tank Destroyer
Marder III M Tank Destroyer
Smoke Bombing Run
Marder III M Tank Destroyer
Wirbelwind Flakpanzer
Kettenkrad Recon Vehicle
Incendiary Bombing Run
Smoke Bombing Run
Incendiary Bombing Run
Incendiary Bombing Run
Jäger Squad
Tiger Heavy Tank
ThedarkLegend0
PIG_yobaboink
Zaterner
PurePinoy
xSakox
Rosiema
Diancécht
15thShiMing
0
0

Comments sign in to comment!

No comments posted yet!